 Dungeon Crawl Stone Soup version 0.24-a0-130-ga3c21ff (webtiles) character file.

Game seed: 0

8011 Mgcat the Cleaver (level 11, -1/86 HPs)
             Began as a Centaur Fighter on Feb 26, 2019.
             Was a High Priest of Okawaru.
             Slain by a two-headed ogre
             ... wielding a +0 giant club
              (10 damage)
             ... on level 11 of the Dungeon.
             The game lasted 00:24:29 (9998 turns).

Mgcat the Cleaver (Centaur Fighter)                 Turns: 9998, Time: 00:24:30

Health: -1/86      AC: 15    Str: 23    XL:     11   Next: 4%
Magic:  0/14       EV:  7    Int:  7    God:    Okawaru [*****.]
Gold:   560        SH: 14    Dex:  8    Spells: 10/10 levels left

rFire    . . .     SeeInvis .   a - +3 war axe (protect)
rCold    . . .     Gourm    .   c - +0 shield
rNeg     . . .     Faith    .   p - +2 chain mail {MR+}
rPois    +         Spirit   +   t - +1 helmet
rElec    .         Reflect  +   y - scarf {Spirit}
rCorr    .         Harm     .   D - +0 pair of gloves
MR       +....                  (no barding)
Stlth    ..........             j - +4 amulet of reflection
HPRegen  0.24/turn              g - ring of poison resistance {rPois, !d}
MPRegen  0.14/turn              q - ring of flight {+Fly, !d}

@: heroism, corroded, protection aura, very quick
A: large, hooves 3, deformed body, speed 2, tough skin 3
a: Heroism, Finesse, Renounce Religion, Evoke Flight


You were on level 11 of the Dungeon.
You worshipped Okawaru.
Okawaru was extremely pleased with you.
You were not hungry.

You visited 2 branches of the dungeon, and saw 12 of its levels.

You collected 560 gold pieces.

Inventory:

Hand Weapons
 a - a +3 war axe of protection (weapon)
 E - a +0 broad axe
   (You found it on level 10 of the Dungeon)
Missiles
 n - 10 tomahawks of dispersal {=f}
 u - 20 tomahawks (quivered)
 A - 8 tomahawks of returning
 B - 2 throwing nets {=f, !d}
 F - 12 exploding tomahawks
Armour
 c - a +0 shield (worn)
 p - a +2 chain mail of magic resistance (worn)
   (You found it on level 2 of the Dungeon)
 t - a +1 helmet (worn)
   (You found it on level 6 of the Dungeon)
 y - a scarf of spirit shield (worn)
   (You found it on level 8 of the Dungeon)
 D - a +0 pair of gloves (worn)
   (You found it on level 9 of the Dungeon)
Jewellery
 g - a ring of poison resistance (left hand) {rPois, !d}
   (You found it on level 3 of the Dungeon)
 j - a +4 amulet of reflection (around neck)
   (You found it on level 1 of the Dungeon)
 q - a ring of flight (right hand) {+Fly, !d}
   (You found it on level 3 of the Dungeon)
Wands
 h - a wand of flame (69)
   (You found it on level 5 of the Dungeon)
 z - a wand of polymorph (5)
   (You found it on level 8 of the Dungeon)
Scrolls
 b - 6 scrolls of identify
 k - 3 scrolls of remove curse
 l - 5 scrolls of teleportation
 s - a scroll of amnesia
Potions
 d - a potion of ambrosia {unknown}
 e - 3 potions of heal wounds
 i - 6 potions of curing
 m - a potion of degeneration {!q}
 o - 2 potions of resistance
 r - 2 potions of invisibility
 v - a potion of lignification {!q}
 w - 2 potions of flight
 x - 2 potions of might
Comestibles
 f - 22 rations


   Skills:
 - Level 5.1(10.1) Fighting
 + Level 12.4(17.4) Axes
 - Level 5.0(10.0) Armour
 - Level 2.1(7.1) Shields
 - Level 5.0 Invocations
 - Level 5.0 Evocations


You had 10 spell levels left.
You didn't know any spells.
Your spell library contained the following spells:

 Spells                   Type           Power        Failure   Level  Hunger
 Apportation              Tloc           #.....       98%         1    ##.....
 Summon Butterflies       Summ           #.......     98%         1    ##.....
 Lesser Beckoning         Tloc           #.........   100%        3    ####...
 Tukima's Dance           Hex            #.......     100%        3    ####...
 Alistair's Intoxication  Tmut/Pois      #.......     100%        5    ######.
 Invisibility             Hex            #.......     100%        6    #######


Dungeon Overview and Level Annotations

Branches:
Dungeon (11/15)            Temple (1/1) D:5            Lair (0/6) D:8
    Orc (0/2) D:10

Altars:
Ashenzari
Cheibriados
Dithmenos
Elyvilon
Fedhas
Gozag
Hepliaklqana
Kikubaaqudgha
Makhleb
Nemelex Xobeh
Okawaru
Qazlal
Ru
Sif Muna
Trog
Uskayaw
Vehumet
Wu Jian
Xom
Yredelemnul
Zin
The Shining One


Innate Abilities, Weirdness & Mutations

You have hooves in place of feet.
Armour fits poorly on your strangely shaped body.
You cover ground very quickly.
You have extremely tough skin. (AC +3)


Message History

You take 1 damage, and have 85/86 hp.
Warning x2: The jelly can corrode equipment in melee!
The ice beast can hit for moderate damage in melee!
You hit the jelly.
Your hands burn!
The jelly is moderately wounded.
The jelly hits you but does no damage. You block the jelly's attack.
You take 4 damage, and have 81/86 hp.
Warning x2: The jelly can corrode equipment in melee!
The ice beast can hit for moderate damage in melee!
You slash the jelly!
Your hands burn!
The jelly is heavily wounded.
You take 3 damage, and have 78/86 hp.
You now have 13/14 mp.
Warning x2: The jelly can corrode equipment in melee!
The ice beast can hit for moderate damage in melee!
Your chain mail prevents you from hitting the two-headed ogre.
You hit the ice beast.
The ice beast hits you but does no damage.
Warning x2: The jelly can corrode equipment in melee!
The ice beast can hit for moderate damage in melee!
You hit the ice beast but do no damage.
The ice beast is lightly wounded.
You hit the two-headed ogre but do no damage.
You block the two-headed ogre's attack.
The two-headed ogre hits you with a +0 great mace!
You block the ice beast's attack.
You take 10 damage, and have 69/86 hp.
You now have 12/14 mp.
Warning x2: The jelly can corrode equipment in melee!
The ice beast can hit for moderate damage in melee!
You slash the ice beast!
The ice beast is heavily wounded.
You barely miss the two-headed ogre. The two-headed ogre barely misses you.
The two-headed ogre hits you but does no damage.
The ice beast hits you but does no damage.
Warning x2: The jelly can corrode equipment in melee!
The ice beast can hit for moderate damage in melee!
You hit the ice beast but do no damage.
The ice beast is heavily wounded.
You hit the two-headed ogre but do no damage.
The jelly jiggles.
The ice beast hits you but does no damage.
Warning x2: The jelly can corrode equipment in melee!
The ice beast can hit for moderate damage in melee!
You slash the two-headed ogre!
You kick the two-headed ogre, but do no damage.
The two-headed ogre is moderately wounded.
You slash the ice beast!
You block the two-headed ogre's attack. x2
The ice beast hits you but does no damage.
Warning x2: The jelly can corrode equipment in melee!
The ice beast can hit for moderate damage in melee!
You hit the two-headed ogre but do no damage.
Your kick misses the two-headed ogre.
The two-headed ogre is moderately wounded.
You barely miss the ice beast.
The two-headed ogre hits you with a +0 giant club.
The two-headed ogre hits you with a +0 great mace.
You take 2 damage, and have 67/86 hp.
You now have 11/14 mp.
Warning x2: The jelly can corrode equipment in melee!
The ice beast can hit for moderate damage in melee!
You hit the two-headed ogre.
The two-headed ogre is moderately wounded.
You hit the ice beast. The ice beast hits you. The ice beast freezes you.
You take 6 damage, and have 61/86 hp.
Warning x2: The jelly can corrode equipment in melee!
The ice beast can hit for moderate damage in melee!
You gain the combat prowess of a mighty hero.
The two-headed ogre hits you with a +0 giant club.
You block the two-headed ogre's attack. You block the ice beast's attack.
You take 6 damage, and have 55/86 hp.
You now have 9/14 mp.
Warning x2: The jelly can corrode equipment in melee!
The ice beast can hit for moderate damage in melee!
You hit the two-headed ogre.
The two-headed ogre is moderately wounded.
You hit the ice beast.
You kill the ice beast!
Okawaru accepts your kill.
You block the two-headed ogre's attack. x2
Spoiler Alert: The jelly can corrode equipment in melee!
You slash the two-headed ogre! Your kick misses the two-headed ogre.
The two-headed ogre is heavily wounded.
You hit the jelly but do no damage.
Your hands burn!
You take 2 damage, and have 53/86 hp.
You hit the two-headed ogre but do no damage.
The two-headed ogre is heavily wounded.
You hit the jelly but do no damage. The acid corrodes you!
Your hands burn!
You block the jelly's attack. You block the two-headed ogre's attack.
The two-headed ogre hits you but does no damage.
You take 4 damage, and have 49/86 hp.
Spoiler Alert: The jelly can corrode equipment in melee!
You completely miss the two-headed ogre.
You kick the two-headed ogre!
The two-headed ogre is severely wounded.
You slice the jelly!!
Your hands burn!
The jelly barely misses you.
You take 3 damage, and have 46/86 hp.
You slash the two-headed ogre!
The two-headed ogre is severely wounded.
You hit the jelly but do no damage.
Your hands burn!
The two-headed ogre hits you with a +0 giant club.
The two-headed ogre hits you with a +0 great mace.
You block the jelly's attack.
You take 12 damage, and have 34/86 hp.
You now have 7/14 mp.
Spoiler Alert: The jelly can corrode equipment in melee!
You slash the two-headed ogre!
You kick the two-headed ogre, but do no damage.
The two-headed ogre is almost dead.
You slash the jelly!
You kill the jelly!
Okawaru accepts your kill.
The two-headed ogre hits you with a +0 giant club!!
* * * LOW HITPOINT WARNING * * *
The two-headed ogre hits you with a +0 great mace!
You die...

..# #.# #.# #.#
###.###### ..#
.........###.≈.#.
##########......@O..≈...
..................≈≈≈#.≈
###......###...!≈≈..#.≈≈
..'......+ +...+.≈≈.....
###......# #...#..≈≈≈#..
..'......# #####....≈≈≈.
###......# #.##.....
#.##..## #.# ##.##
#.###.#


You could see a two-headed ogre.

Vanquished Creatures
  Pikel (D:6)
  An elephant (D:8)
  A gargoyle (D:10)
  A kobold demonologist (D:11)
  A troll (D:10)
  A shadow (D:11)
  A spriggan (D:7)
  A wyvern (D:8)
  A yak (D:8)
  A vampire (D:10)
  2 humans (D:9)
  A basilisk (D:8)
  A hungry ghost (D:7)
  2 vampire mosquitoes (D:10)
  Menkaure (D:4)
  A water moccasin (D:9)
  2 orc warriors
  4 ice beasts
  A black bear (D:11)
  A sky beast (D:8)
  5 ogres
  3 phantoms
  3 centaurs
  A crocodile (D:8)
  2 big kobolds
  4 scorpions
  4 killer bees (D:8)
  5 wights (D:11)
  A quasit (D:7)
  2 centaur zombies
  7 crimson imps
  4 jellies
  2 bullfrog zombies
  8 hounds
  5 orc priests
  A bullfrog skeleton (D:6)
  3 centaur skeletons
  4 iguanas
  9 orc wizards
  14 worker ants
  A killer bee zombie (D:8)
  10 adders
  3 shadow imps (D:8)
  A worm (D:3)
  A dart slug (D:1)
  4 leopard geckos
  31 orcs
  9 giant cockroaches
  5 goblins
  8 hobgoblins
  15 jackals
  3 quokkas
  2 ball pythons
  5 bats
  7 frilled lizards
  17 kobolds
  A quokka skeleton (D:7)
  9 rats
245 creatures vanquished.

Vanquished Creatures (others)
  4 kobolds
4 creatures vanquished.

Grand Total: 249 creatures vanquished

Notes
Turn   | Place    | Note
-------+----------+-------------------------------------------
     0 | D:1      | Mgcat the Centaur Fighter began the quest for the Orb.
     0 | D:1      | Reached XP level 1. HP: 19/19 MP: 1/1
   151 | D:1      | Reached skill level 2 in Axes
   165 | D:1      | Reached XP level 2. HP: 24/26 MP: 2/2
   619 | D:1      | Reached XP level 3. HP: 28/31 MP: 3/3
   977 | D:2      | Found a white marble altar of Elyvilon.
  1287 | D:2      | Found a snail-covered altar of Cheibriados.
  1544 | D:2      | Found a burning altar of Makhleb.
  1673 | D:3      | Reached XP level 4. HP: 34/40 MP: 4/4
  2466 | D:4      | Reached skill level 4 in Fighting
  2466 | D:4      | Reached skill level 3 in Axes
  2466 | D:4      | Reached skill level 3 in Armour
  2467 | D:4      | Reached XP level 5. HP: 44/46 MP: 5/5
  2609 | D:4      | Reached XP level 6. HP: 45/53 MP: 6/6
  2786 | D:4      | Noticed Menkaure
  2810 | D:4      | HP: 11/55 [Menkaure (5)]
  2811 | D:4      | Killed Menkaure
  2811 | D:4      | Reached skill level 5 in Fighting
  2811 | D:4      | Reached skill level 4 in Axes
  3060 | D:4      | Found a deep blue altar of Sif Muna.
  3274 | D:5      | Entered Level 5 of the Dungeon
  3296 | D:5      | Reached skill level 4 in Armour
  3296 | D:5      | Reached XP level 7. HP: 28/61 MP: 7/7
  3299 | D:5      | HP: 14/61 [centaur zombie (4)]
  3585 | D:5      | HP: 13/61 [ice beast (14)]
  3586 | D:5      | Reached skill level 5 in Axes
  4057 | D:5      | Found a staircase to the Ecumenical Temple.
  4071 | Temple   | Entered the Ecumenical Temple
  4162 | Temple   | Became a worshipper of Warmaster Okawaru
  4414 | D:6      | Found a shadowy altar of Dithmenos.
  4437 | D:6      | Reached XP level 8. HP: 65/68 MP: 8/8
  4449 | D:6      | Reached skill level 5 in Armour
  4493 | D:6      | Reached skill level 1 in Invocations
  4521 | D:6      | Reached skill level 2 in Invocations
  4570 | D:6      | Noticed Pikel
  4595 | D:6      | Killed Pikel
  4595 | D:6      | Reached * piety under Okawaru
  4595 | D:6      | Reached skill level 6 in Axes
  4595 | D:6      | Reached skill level 4 in Invocations
  4928 | D:6      | Reached skill level 7 in Axes
  4934 | D:6      | Reached skill level 5 in Invocations
  5024 | D:6      | Found a radiant altar of Vehumet.
  5380 | D:7      | Found a shadowy altar of Dithmenos.
  5417 | D:7      | Reached XP level 9. HP: 57/74 MP: 12/12
  5487 | D:7      | Reached skill level 8 in Axes
  5711 | D:7      | Reached ** piety under Okawaru
  5754 | D:7      | Found a blossoming altar of Fedhas.
  6070 | D:7      | Reached skill level 9 in Axes
  6258 | D:7      | HP: 18/74 [poisoned by a killer bee]
  6640 | D:8      | Reached skill level 10 in Axes
  6679 | D:8      | Reached *** piety under Okawaru
  6718 | D:8      | Found a staircase to the Lair.
  6718 | D:8      | Noticed an elephant
  6923 | D:8      | Killed an elephant
  6929 | D:8      | Reached XP level 10. HP: 66/81 MP: 13/13
  7168 | D:8      | Reached skill level 11 in Axes
  7613 | D:8      | Reached **** piety under Okawaru
  7991 | D:9      | Reached skill level 1 in Evocations
  8030 | D:9      | Found an iron altar of Okawaru.
  8076 | D:9      | Found an opulent altar of Gozag.
  8139 | D:9      | Reached skill level 2 in Evocations
  8651 | D:10     | Entered Level 10 of the Dungeon
  8830 | D:10     | Reached skill level 3 in Evocations
  9162 | D:10     | Found a staircase to the Orcish Mines.
  9332 | D:10     | Noticed a gargoyle
  9340 | D:10     | Killed a gargoyle
  9340 | D:10     | Reached skill level 12 in Axes
  9340 | D:10     | Reached skill level 4 in Evocations
  9713 | D:11     | Reached ***** piety under Okawaru
  9854 | D:11     | Reached skill level 5 in Evocations
  9935 | D:11     | Reached XP level 11. HP: 77/86 MP: 12/14
  9979 | D:11     | Noticed a two-headed ogre
  9998 | D:11     | HP: 9/86 [two-headed ogre/+0 giant club (25)]
  9998 | D:11     | Slain by a two-headed ogre

Levels and vault maps discovered:
D:1:      tarquinn_simple_flora_water_a, layout_loops_ring
D:2:      layout_loops_corners, marbit_many_paths, cheibriados_altar_1,
          makhleb_altar_promises_db
D:3:      layout_loops_corners
D:4:      layout_basic, lemuel_blue_sif_altar, corexii_checkpoint_b,
          uniq_menkaure
D:5:      layout_rooms, minmay_temple_entry_wispy, first_ration
D:6:      layout_basic, lemuel_round_altar, fiery_altar_vehumet, uniq_pikel
D:7:      layout_basic, overflow_temple_1_default, basic_altar, the_bakery
D:8:      layout_loops_ring, david_lair_generic
D:9:      layout_loops_ring, grunt_gozag_statues, okawaru_humans
D:10:     layout_loops_corners, orc_0_dummy, grunt_decor_cap, minmay_liquid_box,
          minmay_unpleasant_kobolds
D:11:     layout_basic, gammafunk_ghost_smash, serial_rivers,
          chequers_serial_rivers_small_b, chequers_serial_rivers_small_3,
          chequers_serial_rivers_small_a, chequers_serial_rivers_small_a,
          uniq_erica
Temple:   nicolae_temple_great_sept

Skill      XL: |  1  2  3  4  5  6  7  8  9 10 |
---------------+-------------------------------+-----
Axes           | 2 3 4 5 7 10 12 | 12.4
Fighting       | 4 5 |  5.1
Armour         | 3 4 5 |  5.0
Invocations    | 5 |  5.0
Evocations     | 5 |  5.0
Shields        | |  2.1

Action                   |  1- 3 |  4- 6 |  7- 9 | 10-12 || total
-------------------------+-------+-------+-------+-------++-------
Melee: War axe           |   151 |    95 |   370 |   265 ||   881
       Kick              |    23 |    27 |   100 |    71 ||   221
Throw: Tomahawk          |       |       |     3 |       ||     3
Invok: Heroism           |       |       |     1 |     4 ||     5
  Use: Scroll            |       |     8 |    11 |     4 ||    23
       Potion            |       |       |     2 |       ||     2
  Eat: Chunk             |     2 |     3 |    13 |     9 ||    27
Armor: Scale mail        |    56 |       |       |       ||    56
       Chain mail        |     5 |    48 |   164 |   118 ||   335
Dodge: Dodged            |    26 |     8 |    29 |    22 ||    85
Block: Shield            |    95 |    72 |   214 |   126 ||   507
       Reflection        |     1 |     1 |    11 |     2 ||    15

Table legend:
 A = Non-vault XP
 B = Vault XP
 C = Vault XP percentage of total XP
 D = Non-vault monster count
 E = Vault monster count
 F = Vault count percentage of total count
                 A         B        C        D         E       F
            +---------+---------+-------+---------+---------+-------
      Total |    8944 |    2501 |  21.9 |     228 |      17 |   6.9
            +---------+---------+-------+---------+---------+-------
        D:1 |      47 |       0 |   0.0 |      28 |       0 |   0.0
        D:2 |      42 |       2 |   4.5 |      19 |       1 |   5.0
        D:3 |      20 |       0 |   0.0 |      10 |       0 |   0.0
        D:4 |     396 |     176 |  30.8 |      19 |       3 |  13.6
        D:5 |     705 |       0 |   0.0 |      17 |       0 |   0.0
        D:6 |     727 |     629 |  46.4 |      21 |       1 |   4.5
        D:7 |     982 |     220 |  18.3 |      28 |       1 |   3.4
        D:8 |    1751 |     980 |  35.9 |      43 |       4 |   8.5
        D:9 |     633 |     392 |  38.2 |      15 |       2 |  11.8
       D:10 |    1756 |     102 |   5.5 |      13 |       5 |  27.8
       D:11 |    1885 |       0 |   0.0 |      15 |       0 |   0.0
            +---------+---------+-------+---------+---------+-------

Levels and vault maps discovered:
D:1:      tarquinn_simple_flora_water_a, layout_loops_ring
D:2:      layout_loops_corners, marbit_many_paths, cheibriados_altar_1,
          makhleb_altar_promises_db
D:3:      layout_loops_corners
D:4:      layout_basic, lemuel_blue_sif_altar, corexii_checkpoint_b,
          uniq_menkaure
D:5:      layout_rooms, minmay_temple_entry_wispy, first_ration
D:6:      layout_basic, lemuel_round_altar, fiery_altar_vehumet, uniq_pikel
D:7:      layout_basic, overflow_temple_1_default, basic_altar, the_bakery
D:8:      layout_loops_ring, david_lair_generic
D:9:      layout_loops_ring, grunt_gozag_statues, okawaru_humans
D:10:     layout_loops_corners, orc_0_dummy, grunt_decor_cap, minmay_liquid_box,
          minmay_unpleasant_kobolds
D:11:     layout_basic, gammafunk_ghost_smash, serial_rivers,
          chequers_serial_rivers_small_b, chequers_serial_rivers_small_3,
          chequers_serial_rivers_small_a, chequers_serial_rivers_small_a,
          uniq_erica
Temple:   nicolae_temple_great_sept

Table legend:
 A = Turns spent in this place as a percentage of turns spent in the entire game.
 B = Non-inter-level travel turns spent in this place as a percentage of non-inter-level travel turns spent in the entire game.
 C = Inter-level travel turns spent in this place as a percentage of turns spent in this place.
 D = Turns resting spent in this place as a percentage of non-inter-level travel turns spent in this place.
 E = Turns spent auto-exploring this place as a percentage of non-inter-level travel turns spent in this place.
 F = Non-inter-level travel turns spent in this place divided by the number of levels of this place that you've seen.
                   A       B       C       D       E      F
               +-------+-------+-------+-------+-------+----------------------
         Total | 100.0 | 100.0 |   4.7 |  11.2 |  69.3 | 794.2
       Dungeon |  98.9 |  99.2 |   4.4 |  11.3 |  69.1 | 859.8
        Temple |   1.1 |   0.8 |  32.1 |   0.0 |  95.8 |  72.0
               +-------+-------+-------+-------+-------+----------------------

Table legend:
 A = Kills in this place as a percentage of kills in entire the game.
 B = Kills by you in this place as a percentage of kills by you in the entire game.
 C = Kills by friends in this place as a percentage of kills by friends in the entire game.
 D = Other kills in this place as a percentage of other kills in the entire game.
 E = Experience gained in this place as a percentage of experience gained in the entire game.
 F = Experience gained in this place divided by the number of levels of this place that you have seen.
                   A       B       C       D       E      F
               +-------+-------+-------+-------+-------+----------------------
         Total | 100.0 | 100.0 |   N/A |   N/A | 100.0 | 953.8
       Dungeon | 100.0 | 100.0 |   N/A |   N/A | 100.0 | 1040.5
               +-------+-------+-------+-------+-------+----------------------
